AoeStats
← MrRomrome

Four Lakes

508831728Analyzed
1v1 RM · 9d ago on Sep 24, 2026· 22m 27s· 2 players
Game mode
Random Map
Map size
Tiny (2 player)
Population
200
Speed
Normal
Resources
Standard
Victory
Conquest
Starting age
Dark Age
Ending age
Imperial Age
RankedLock teamsTeams togetherTeam positionsShared explorationLock speedFull tech treeHidden civsTurbo modeCheats
Victory
Defeat
🇦🇺 Persians · Australia
998
+16
🇧🇪 Spanish · Belgium
1000
-48
chewbaccachainsaw
6:12 Loom
10:05 Feudal Age
10:53 Double-Bit Axe
13:51 Town Watch
18:01 Castle Age
17:26 Scale Barding Armor
18:00 Bloodlines
21:52 Chain Barding Armor
MrRomrome
2:30 Loom
6:50 Loom
10:19 Feudal Age
12:08 Loom
14:00 Double-Bit Axe
19:32 Castle Age
18:36 Horse Collar
18:48 Gold Mining
20:55 Bloodlines
Connection lost

Rejoining the realm…

Still unreachable

The connection could not be restored.

Session expired

The server has moved on; the page needs a fresh start.